Introsp3ctive, lawful female dwarven Valkyrie ------ ---------------- --------------- |.....# ----- |..............| |......%<.....| |....|# |...| #...............| |.............| |....|# |.... ###|..............| ------|-------- ----|-# |...| ----------|----- # # # |....# # # ### # |...|# # # # # --.--# ### # ###### # # # # ### --.----- # ### # ### # |....(.| # # # # ## ##-....._| # # ### ## ---@------ # |..[....#### # # ----.-------- ------ |...@.....#######[ -------- # ( ##`|...........| |....| |........| ###--.---- #........)....####-....| |...f@d...######## [....>`| |...........| |....| ---------- |.....| |...........| ------ ------- ------------- Introsp3ctive the Fighter Experience level: 9 Strength: 18/01 Dexterity: 12 Constitution: 17 Intelligence: 8 Wisdom: 11 Charisma: 7 Health: 0(104) Energy: 2(2) Def: 12 Gold: 0 Moves: 18182 Dungeon seed: xV6qLCv-F2H37vK4 Game ID: Introsp3ctive_1467047285 Your Inventory: Amulets y - an uncursed amulet of reflection named <> (being worn) Weapons a - the uncursed rustproof +0 Excalibur (weapon in hand) b - the uncursed rustproof +1 Magicbane T - an uncursed +0 dwarvish mattock Armor n - an uncursed +0 orcish helm (being worn) q - a blessed +1 pair of elven boots (being worn) w - an uncursed +0 small shield (being worn) A - an uncursed +0 cloak of protection (being worn) Y - an uncursed +0 elven mithril-coat (being worn) Comestibles h - 4 uncursed food rations i - an uncursed partly eaten food ration O - an uncursed lizard corpse Scrolls U - an uncursed scroll of genocide Wands u - an uncursed wand of create monster (0:8) x - an uncursed wand of create monster (0:13) Z - an uncursed wand of create monster (0:13) Tools r - an uncursed skeleton key t - an uncursed oilskin sack K - an uncursed bag of holding named <> Contents of the oilskin sack: an uncursed ring of fire resistance an uncursed ring of invisibility an uncursed ring of levitation an uncursed ring of poison resistance an uncursed wand of magic missile (0:5) an uncursed wand of opening named tested (0:-1) an uncursed wand of striking (0:7) an uncursed wand of striking (0:-1) an uncursed stethoscope an uncursed towel an uncursed +0 unicorn horn an uncursed luckstone named <> Spells and supernatural/magical abilities: Name Level Category Fail Memory h - healing 1 healing 100% 95% n - detect monsters 1 divination 100% 95% W - pray for help -- divine ? -- Your skills at the end: Fighting Skills Weapon Skills dagger [Basic] long sword [Expert] Spellcasting Skills Final Attributes: You were piously aligned. You were cold resistant. You were level-drain resistant. You were telepathic. You had automatic searching. You had infravision. You were stealthy. You were protected. You were fast. You had reflection. You were unlucky. You are dead. Vanquished creatures: a ghost a mind flayer 4 giant mimics 3 large mimics a xorn 2 winter wolves 4 small mimics a glass piercer a xan a quantum mechanic a sasquatch a djinni a gelatinous cube a pyrolisk 2 large cats a gargoyle a human mummy a leather golem 2 giant beetles 5 wolves 2 winter wolf cubs a gremlin a spotted jelly 4 leprechauns an iron piercer 2 giant spiders a horse a black light a forest centaur 3 gnome kings an orc mummy 2 dwarf mummies 3 owlbears a yeti a gold golem a werewolf 2 lizards 2 dogs a dingo 2 jaguars 5 dwarf lords 3 blue jellies a gray unicorn 2 ravens 2 plains centaurs a gnome mummy 6 apes 2 human zombies a rope golem 2 Woodland-elves a soldier ant 5 bugbears 2 imps 3 quasits a wood nymph 2 water nymphs 3 mountain nymphs 4 Mordor orcs 5 rock piercers 3 ponies 2 fog clouds 4 yellow lights 5 shriekers a violet fungus 12 gnome lords 4 gnomish wizards 4 kobold mummies a red naga hatchling a guardian naga hatchling a gray ooze 8 elf zombies a straw golem 2 baby crocodiles 14 giant ants 5 little dogs 3 floating eyes a kitten 6 dwarves 2 homunculi 3 kobold lords a kobold shaman 2 hill orcs a rothe 2 rabid rats 6 centipedes 5 giant bats 2 monkeys 4 dwarf zombies a wererat 4 iguanas 15 killer bees 2 coyotes 4 gas spores 7 hobbits 2 large kobolds 5 hobgoblins 4 giant rats 7 cave spiders 2 brown molds 2 yellow molds 2 green molds a red mold 52 gnomes 14 garter snakes 4 gnome zombies 7 geckos 10 jackals 7 foxes 5 kobolds 8 goblins 8 sewer rats 28 grid bugs 4 bats 10 lichens 5 kobold zombies 14 newts 459 creatures vanquished. Voluntary challenges: You had been an atheist until turn 4121. You used a wielded weapon 491 times, starting on turn 79. You read items or engraved 24 times, starting on turn 1476. You never genocided any monsters. You never polymorphed an object. You never changed form. You used no wishes. You never split a pudding. You wrote Elbereth's name 4 times, starting on turn 12026. You violated your moral code, losing 300 points of alignment, starting on turn 5221. Dungeon overview: The Dungeons of Doom: levels 1 to 13 Level 1 a fountain a long staircase Level 2 (<>) stairs to The Gnomish Mines Level 3 Level 4 a general store, a fountain, a sink Level 5 some fountains Level 6 stairs to Sokoban Level 7 Level 8 some fountains Level 9 (<>) Level 10 a fountain, a sink Level 11 a sink Level 12 (<>) an armor shop Level 13 (<>) <- You were here an altar to Loki The Gnomish Mines: levels 3 to 11 Level 3 stairs to The Dungeons of Doom Level 4 Level 5 Level 6 some shops, a temple to Odin, some fountains Level 7 Level 8 Level 9 Level 10 (<>) Level 11 Sokoban: levels 2 to 5 Level 2 Level 3 Level 4 Level 5 stairs to The Dungeons of Doom History has recorded: On T:1 you entered the Dungeons of Doom to retrieve the Amulet of Yendor! On T:372 you reached level 2 of The Dungeons of Doom. On T:422 you reached level 3 of The Dungeons of Doom. On T:910 you advanced to experience level 2. On T:958 you reached level 4 of The Dungeons of Doom. On T:1200 you reached level 5 of The Dungeons of Doom. On T:1610 you advanced to experience level 3. On T:1868 you advanced to experience level 4. On T:1878 you reached level 6 of The Dungeons of Doom. On T:1908 you reached level 7 of The Dungeons of Doom. On T:2231 you reached level 4 of Sokoban. On T:2565 you advanced to experience level 5. On T:3341 you advanced to experience level 6. On T:3366 you reached level 1 of The Gnomish Mines. On T:3411 you reached level 2 of The Gnomish Mines. On T:3532 you reached level 5 of The Gnomish Mines. On T:3953 you reached level 4 of The Gnomish Mines. On T:4294 you reached level 3 of The Gnomish Mines. On T:4493 you advanced to experience level 7. On T:6023 you reached level 6 of The Gnomish Mines. On T:6223 you reached level 7 of The Gnomish Mines. On T:6293 you advanced to experience level 8. On T:6575 you reached level 8 of The Gnomish Mines. On T:6819 you reached level 9 of The Gnomish Mines. On T:7514 you advanced to experience level 9. On T:9145 you reached level 3 of Sokoban. On T:10257 you reached level 2 of Sokoban. On T:11006 you reached level 1 of Sokoban. On T:12722 you reached level 8 of The Dungeons of Doom. On T:13175 you reached level 9 of The Dungeons of Doom. On T:14297 you reached level 10 of The Dungeons of Doom. On T:14531 you reached level 11 of The Dungeons of Doom. On T:14592 you reached level 12 of The Dungeons of Doom. On T:14938 you reached level 13 of The Dungeons of Doom. On T:16365 you advanced to experience level 9. Score breakdown: Gold: 0 ( 0 points) Experience: 9 levels (15756 points) Exploration: 13 levels ( 24.53%) (14411 points) Discoveries: 24 items ( 9.76%) ( 9370 points) Valuables value: (no points given unless you survive) Artifact value: 7500 (13181 points) Variety of kills: 116 monsters ( 30.45%) (16553 points) Turncount: 18182 turns (-3261 points) Survival: died (score multiplied by 80%) Total score: 52808 Latest messages: You hear several slurping sounds. You see here a rock piercer corpse. You hit the elf-lord! The elf-lord thrusts his runed dagger called elven dagger. The elf-lord hits! The elf-lord thrusts his runed dagger called elven dagger. The elf-lord hits! You hit the elf-lord! (2x) The elf-lord thrusts his runed dagger called elven dagger. The elf-lord hits! The elf-lord thrusts his runed dagger called elven dagger. The elf-lord hits! The elf-lord wields an elven short sword! The elf-lord thrusts his elven short sword. The elf-lord hits! The elf-lord thrusts his elven short sword. The elf-lord hits! The elf-lord thrusts his elven short sword. The elf-lord hits! You die... The bag of holding named <> is empty. The bag of holding named <> is empty. Final status: Farvel Introsp3ctive the Valkyrie, killed by an elf-lord... You died in The Dungeons of Doom on dungeon level 13 with 52808 points, and 0 pieces of gold, after 18182 moves. You were level 9 with a maximum of 104 hit points when you died.